[Event "*** Titled Tuesday 3|2 Blitz"]
[Site "Chess.com"]
[Date "2016.01.05"]
[Round "2"]
[White "Vorenus_Lucius"]
[Black "FairChess_on_YouTube"]
[Result "0-1"]
[WhiteElo "2403"]
[BlackElo "2722"]
[TimeControl "180+2"]
[EndTime "11:22:27 PST"]
[Termination "FairChess_on_YouTube won by resignation"]

1. d4 d5 2. c4 c6 3. Nf3 Nf6 4. e3 a6 5. Nc3 Bf5 6. Bd2 e6 7. Nh4 Bg6 8. Nxg6 hxg6 9. h3 Nbd7 10. Bd3 Bd6 11. O-O Rc8 12. Qe2 Bb8 13. cxd5 cxd5 14. Rac1 Qc7 15. g3 Qd8 16. Kg2 O-O 17. f4 Nb6 18. b3 Bd6 19. Rc2 Rc6 20. Bc1 Qe7 21. Bb2 Rfc8 22. Rfc1 Ba3 23. Nd1 Bxb2 24. Nxb2 Qa3 25.
Rxc6 Rxc6 26. Rxc6 bxc6 27. Nd1 a5 28. Qc2 Nfd7 29.
Nc3 Qb4 30. Nb1 a4 31. bxa4 c5 32. Qc3 Qxa4 33. Qb3 Qa5 34. Qb2 c4 35. Bc2 Qe1 36. Qc3 Qe2+ 37. Kg1 g5 38. Qd2 Qh5 39. Kg2 gxf4 40.
exf4 Nb8 41. a4 Nc6 42. g4 Qh6 43. a5 c3 44. Qxc3 Nc4 45. Ba4 Qxf4 46. Bxc6 Ne3+ 47.
Kg1 Qf1+ 0-1

[Event "*** Titled Tuesday 3|2 Blitz"]
[Site "Chess.com"]
[Date "2016.01.05"]
[Round "2"]
[White "Hollywood_Chess"]
[Black "nonsopolo1"]
[Result "1-0"]
[WhiteElo "2112"]
[BlackElo "2072"]
[TimeControl "180+2"]
[EndTime "11:22:32 PST"]
[Termination "Hollywood_Chess won on time"]

1. e4 c5 2. Nc3 d6 3. g3 Nf6 4.
Bg2 g6 5. d3 Bg7 6. Nge2 O-O 7.
O-O Nc6 8. h3 a6 9. a4 Rb8 10.
f4 Ne8 11. Be3 b5 12. axb5 axb5 13. Qd2 Nc7 14. g4 Ne6 15. f5 Ned4 16. Ng3 b4 17.
Nd5 b3 18. c3 Nc2 19. Bh6 Nxa1 20. Rxa1 Bd7 21. Qg5 f6 22. Qe3 e6 23. Bxg7 Kxg7 24.
fxe6 Bxe6 25. Nf4 Bf7 26. h4 Ra8 27. Rf1 Ne5 28. g5 fxg5 29. hxg5 Kg8 30. Nh3 Ra2 31. d4 Nc4 32. Qc1 Nxb2 33. e5 dxe5 34. dxe5 Qe7 35. Qe3 Bc4 36. Rxf8+ Kxf8 37. Ne4 1-0

[Event "*** Titled Tuesday 3|2 Blitz"]
[Site "Chess.com"]
[Date "2016.01.05"]
[Round "2"]
[White "Hikaru"]
[Black "KNVB"]
[Result "1-0"]
[WhiteElo "2902"]
[BlackElo "2406"]
[TimeControl "180+2"]
[EndTime "11:22:33 PST"]
[Termination "Hikaru won by resignation"]

1. d4 e6 2. Bf4 Nf6 3. e3 b6 4. Nf3 Bb7 5. Nbd2 c5 6. c3 d6 7. Bb5+ Bc6 8. Bd3 Be7 9. e4 cxd4 10. cxd4 Nbd7 11. Rc1 Bb7 12. Qe2 O-O 13. Ba6 Rc8 14. O-O Rxc1 15. Rxc1 Qb8 16. Bd3 Rc8 17. Rd1 h6 18. h3 Qa8 19. Bb1 Nf8 20. Bh2 a6 21. Nc4 N8d7 22. Bxd6 b5 23. Bxe7 Rxc4 24. Bxf6 Nxf6 25.
Ne5 Rc7 26. f3 Qa7 27. Qf2 Nd7 28. Nd3 a5 29. Rc1 Rxc1+ 30. Nxc1 b4 31. Bd3 Qb6 32. Qe3 e5 33. Ne2 g5 34. Kf2 Kf8 35. dxe5 Qxe3+ 36. Kxe3 Nxe5 37. Nd4 Bc8 38. a3 bxa3 39. bxa3 Bd7 40. Be2 Ke7 41. Nb3 a4 42. Nc5 Bc6 43. Kd4 Kd6 44. Bd1 Ng6 45. g3 h5 46. Bxa4 Bxa4 47.
Nxa4 h4 48. gxh4 gxh4 49. Ke3 Ke5 50. Nb2 f5 51. Nd3+ Kf6 52. a4 fxe4 53. Kxe4 Ne7 54. a5 Nc6 55. a6 Na7 56. Kd5 Ke7 57. Ke5 Nc6+ 58. Kf5 Kd6 59. Kg4 Kc7 60. Kxh4 Kb6 61. Kg5 Kxa6 62. h4 Nd4 63. f4 Kb6 64. h5 Ne6+ 65. Kf6 Nf8 66. h6 Kc7 67. f5 Kd8 68. Kg7 1-0

[Event "*** Titled Tuesday 3|2 Blitz"]
[Site "Chess.com"]
[Date "2016.01.05"]
[Round "2"]
[White "JustKid"]
[Black "maciek_92"]
[Result "0-1"]
[WhiteElo "2099"]
[BlackElo "2221"]
[TimeControl "180+2"]
[EndTime "11:22:48 PST"]
[Termination "maciek_92 won by checkmate"]

1. d4 Nf6 2. Nf3 e6 3. c4 d5 4. g3 dxc4 5. Bg2 Nc6 6. Qa4 Bb4+ 7.
Bd2 Bd6 8. Qxc4 O-O 9. Nc3 e5 10. dxe5 Nxe5 11. Nxe5 Bxe5 12. Rd1 Qe7 13. O-O c6 14.
Ne4 Be6 15. Nxf6+ Qxf6 16. Qc2 Rfd8 17. b3 Bf5 18. e4 Bg4 19. f3 Bd4+ 20. Kh1 Be6 21. f4 Bg4 22. e5 Qh6 23. Rde1 Bb6 24. Bc1 Qh5 25. f5 Re8 26. Bb2 Rad8 27. Rf4 Rd7 28.
Qe4 Bd1 29. Rh4 Qg5 30. e6 Rdd8 31. f6 h6 32. e7 Rd6 33. Be5 Re6 34. Bh3 Bc2 35.
Qxc2 Rxe5 36. Rxe5 Qxe5 37. Rg4 Qe1+ 38. Kg2 Qg1+ 39.
Kf3 Qe3+ 40. Kg2 g5 41. Re4 Qg1+ 42. Kf3 Qa1 43. Bg2 Qxf6+ 44. Kg4 Rxe7 45. Rxe7 Qxe7 46. Qf5 Qe2+ 47. Bf3 Qxh2 48. Be4 Bd4 49. Qc8+ Kg7 50. Qxb7 h5+ 51. Kf5 Qxg3 52. Qxc6 Qf4# 0-1

[Event "*** Titled Tuesday 3|2 Blitz"]
[Site "Chess.com"]
[Date "2016.01.05"]
[Round "2"]
[White "amaidel"]
[Black "Zlatan56"]
[Result "0-1"]
[WhiteElo "2366"]
[BlackElo "2551"]
[TimeControl "180+2"]
[EndTime "11:22:49 PST"]
[Termination "Zlatan56 won by resignation"]

1. e4 g6 2. d4 Bg7 3. c3 d6 4.
Bd3 Nf6 5. Nf3 O-O 6. O-O Nc6 7. h3 e5 8. Qc2 Re8 9. Re1 d5 10. exd5 Nxd5 11. dxe5 Ndb4 12. cxb4 Nxb4 13. Qb3 Nxd3 14. Rd1 Bf5 15. Bg5 Qd7 16. Bf6 Nc5 17. Rxd7 Nxb3 18. axb3 Bxd7 19. Bxg7 Kxg7 20. Nc3 Bc6 21. Re1 Bxf3 22.
gxf3 Rad8 23. Re2 Rd3 24. Kg2 c6 25. f4 Rd4 26. Kg3 Rb4 27. Ne4 Rxb3+ 28. Kg2 Rd8 29. Nd6 Kf8 30. f5 gxf5 31. Nxf5 Rbd3 32. Re4 R8d5 33. Nd6 Rxd6 34. exd6 Rxd6 35. Rh4 h6 36. Ra4 a6 37. Re4 c5 38. Re5 b6 39.
Re2 Rd3 40. f3 Rb3 41. Kg3 Kg7 42. Kg4 a5 43. f4 a4 44. h4 b5 45. Kf5 a3 46.
bxa3 Rxa3 47. Rg2+ Kf8 48. Rd2 c4 49. Rd5 Ra5 50. Rc5 Ke7 51. Ke5 Kd7 52. f5 Ra6 53. Rxb5 c3 54. Rb1 c2 55. Rc1 Rc6 56. Kd5 Rc8 57.
Ke5 Ke7 58. f6+ Kd7 59. Kd5 Rc6 60. Ke5 Kc7 61. Kf5 Rc5+ 62. Ke4 Kd6 63. Kd4 Rc8 64. Kd3 Kd5 65. Kd2 Kd4 66. Rxc2 Rxc2+ 67. Kxc2 h5 68. Kd2 Ke4 69. Kc3 Ke5 70. Kd3 Kxf6 71. Ke4 Ke6 72. Kf4 f6 73. Ke4 f5+ 74. Kd4 Kd6 75. Kd3 Ke5 76. Ke3 f4+ 77. Kf3 Kf5 0-1

[Event "*** Titled Tuesday 3|2 Blitz"]
[Site "Chess.com"]
[Date "2016.01.05"]
[Round "2"]
[White "GeorgMeier"]
[Black "Matibar"]
[Result "1-0"]
[WhiteElo "2678"]
[BlackElo "2396"]
[TimeControl "180+2"]
[EndTime "11:22:54 PST"]
[Termination "GeorgMeier won by resignation"]

1. Nf3 f5 2. c4 g6 3. Nc3 Nf6 4. d4 Bg7 5. g3 O-O 6. Bg2 d6 7. O-O Nc6 8. d5 Na5 9. Qa4 c5 10. dxc6 Nxc6 11. Rd1 Kh8 12. Bf4 Be6 13. Rac1 Qb6 14.
Qb5 Ne4 15. Nxe4 fxe4 16. Ng5 Bg4 17. Bxe4 Bxe2 18. Rd2 Qxb5 19. cxb5 Bxb5 20. Ne6 Rfc8 21. b3 Nd8 22. Nc7 Rab8 23. Rdc2 Bd7 24. Be3 b6 25. f4 Ne6 26. Nxe6 Bxe6 27. Rc7 Rxc7 28. Rxc7 Bf6 29. Rxa7 d5 30. Bd3 d4 31.
Bd2 Rc8 32. Kf2 Kg7 33. Bb4 Kf7 34. Ke2 h5 35. Kf3 Bg4+ 36. Kf2 h4 37. Be4 hxg3+ 38. hxg3 Rh8 39. Kg2 Rd8 40. Bd3 Bf5 41. Bxf5 gxf5 42. Kf3 Ke6 43. Rb7 d3 44. Rxb6+ Kd5 45. Bd2 e5 46.
Rxf6 1-0

[Event "*** Titled Tuesday 3|2 Blitz"]
[Site "Chess.com"]
[Date "2016.01.05"]
[Round "2"]
[White "Dlugy"]
[Black "VSERGUEI"]
[Result "1-0"]
[WhiteElo "2600"]
[BlackElo "2433"]
[TimeControl "180+2"]
[EndTime "11:23:07 PST"]
[Termination "Dlugy won by checkmate"]

1. d4 d5 2. Bf4 e6 3. e3 Bd6 4. Bg3 Nf6 5. Nd2 O-O 6. Ngf3 b6 7. Bd3 Bb7 8. c3 Ne4 9. Qc2 f5 10. Bxd6 cxd6 11. O-O Nd7 12. c4 dxc4 13. Bxc4 d5 14.
Bb5 a6 15. Bxd7 Qxd7 16. Nxe4 dxe4 17. Ne5 Rfc8 18. Nxd7 Rxc2 19. Nxb6 Rb8 20. b3 Bc6 21. Nc4 Bb5 22. Rfc1 Re2 23. Kf1 Rb2 24. Ke1 Bxc4 25.
Rxc4 a5 26. Rc5 a4 27. bxa4 R8b4 28. a5 Ra4 29. a3 Kf7 30. h4 Kg6 31. Kf1 Kh5 32.
g3 Kg4 33. Kg2 h6 34. Re5 g5 35. hxg5 hxg5 36. Rxe6 Rc4 37. a6 Rcc2 38. Rf1 Ra2 39. Rg6 Rxa3 40. Rh1 Rxf2+ 41. Kxf2 Ra2+ 42. Ke1 Ra1+ 43. Kd2 Rxh1 44. d5 Ra1 45. Rc6 Kf3 46. d6 f4 47.
gxf4 gxf4 48. d7 fxe3+ 49. Kc2 Ra2+ 50. Kb3 Rd2 51. Rf6+ Kg2 52. a7 e2 53. a8=Q e1=Q 54.
Qg8+ Kh1 55. Rh6+ Rh2 56. Rxh2+ Kxh2 57. d8=Q Qb1+ 58. Kc4 Qc2+ 59. Kd4 Qd3+ 60. Ke5 Qb5+ 61. Qdd5 Qb2+ 62. Ke6 Qb6+ 63. Qd6+ Qxd6+ 64. Kxd6 e3 65. Qa2+ Kg1 66. Qe2 Kh1 67. Ke5 Kg1 68. Kf4 Kh1 69. Kg3 Kg1 70. Qg2# 1-0

[Event "*** Titled Tuesday 3|2 Blitz"]
[Site "Chess.com"]
[Date "2016.01.05"]
[Round "2"]
[White "GGuseinov"]
[Black "Frolyanov_D"]
[Result "1-0"]
[WhiteElo "2545"]
[BlackElo "2459"]
[TimeControl "180+2"]
[EndTime "11:23:10 PST"]
[Termination "GGuseinov won on time"]

1. e4 e5 2. Nf3 Nf6 3. d4 Nxe4 4.
Bd3 Nc6 5. Nxe5 Nxe5 6. dxe5 d5 7. exd6 Nxd6 8. O-O Be7 9. Qh5 g6 10. Qh6 Be6 11.
Nc3 Qd7 12. Bf4 O-O-O 13. Rad1 Qc6 14. Be5 f6 15. Bg3 Nf5 16. Bxf5 Bxf5 17. Qg7 Rhe8 18. Qf7 Qe6 19. Qxh7 Rxd1 20. Nxd1 Bxc2 21. Ne3 Be4 22. Rc1 Bc6 23. Qxg6 Rd8 24. Qf5 Qxf5 25. Nxf5 Bf8 26. h4 Rd5 27. Ne3 Rd2 28. Bf4 Rxb2 29. h5 Rb5 30. g4 Rb4 31. Bg3 Bh6 32. f4 Bxf4 33.
Bxf4 Rxf4 34. h6 Rf3 35. Nf5 Rh3 36. Rxc6 bxc6 37. Kg2 Rd3 38. h7 Rd2+ 39. Kg3 Rd3+ 40. Kh4 Rd8 41. Ne7+ Kb7 42. Ng8 Rd1 43. Nxf6 c5 44. g5 c4 45. g6 c3 46. Nd7 c2 47.
Nc5+ Kc6 48. Nb3 Rh1+ 49. Kg5 Rg1+ 50. Kf6 Rf1+ 51. Kg7 Rb1 52. h8=Q Rxb3 53. Qh1+ 1-0

[Event "*** Titled Tuesday 3|2 Blitz"]
[Site "Chess.com"]
[Date "2016.01.05"]
[Round "2"]
[White "Rating-Schmating"]
[Black "Malev212"]
[Result "1/2-1/2"]
[WhiteElo "2132"]
[BlackElo "2260"]
[TimeControl "180+2"]
[EndTime "11:23:11 PST"]
[Termination "Game drawn by agreement"]

1. e4 c5 2. Nf3 a6 3. d4 cxd4 4. Nxd4 Nf6 5. Nc3 e5 6. Nb3 Bb4 7. Bd3 d5 8. exd5 Nxd5 9. Bd2 Bxc3 10. bxc3 O-O 11. O-O Nc6 12. Be4 Nf6 13. Bxc6 bxc6 14. Nc5 Bf5 15. Re1 Qd5 16. Nb3 Rfd8 17. Rc1 Ne4 18. Qf3 Bg6 19. Red1 Nxd2 20. Rxd2 Qxf3 21. Rxd8+ Rxd8 22. gxf3 Kf8 23. Re1 f6 24. Nc5 Rd2 25.
Nxa6 Rxc2 26. Re3 Rxa2 27. Nb4 Ra1+ 28. Kg2 c5 29. Nd3 c4 30. Nb4 Rc1 31. Nd5 Kf7 32.
Nb6 Bd3 33. h4 h5 34. Nc8 Ke6 35. Nb6 Kf5 36. Nd5 Ke6 37. Nf4+ Kf5 38. Nxd3 cxd3 39.
Rxd3 g6 40. Re3 Kf4 41. Re4+ Kf5 42. Rc4 Rc2 43. Rc6 g5 44. c4 gxh4 45. c5 Kf4 46.
Rxf6+ Kg5 47. Rc6 h3+ 48. Kxh3 Rxf2 49. Kg3 Rc2 50. Rc8 h4+ 51. Kh3 Kf4 52. c6 Kxf3 53. Kxh4 e4 54. c7 Ke3 55. Kg4 Rc5 56. Kg3 Rg5+ 57.
Kh4 Rg7 58. Kh3 Re7 59. Kg3 Ke2 60. Kf4 e3 61. Ra8 Rxc7 62. Ra2+ Kd3 63. Ra3+ Kd4 64. Ra4+ Kd3 65. Ra3+ Kd2 66. Ra2+ Ke1 67. Kxe3 Re7+ 68.
Kd3 Rd7+ 69. Kc4 Rc7+ 70. Kd5 Kd1 71. Rh2 Kc1 72. Kd4 1/2-1/2

[Event "*** Titled Tuesday 3|2 Blitz"]
[Site "Chess.com"]
[Date "2016.01.05"]
[Round "2"]
[White "motivated_bishop"]
[Black "HansCoolNiemann"]
[Result "0-1"]
[WhiteElo "2241"]
[BlackElo "2208"]
[TimeControl "180+2"]
[EndTime "11:23:12 PST"]
[Termination "HansCoolNiemann won by resignation"]

1. d4 Nf6 2. c4 c5 3. d5 e6 4. Nc3 exd5 5. cxd5 d6 6. Nf3 g6 7. h3 Bg7 8. Bf4 a6 9. a4 O-O 10. e3 Nh5 11. Bh2 f5 12. Be2 f4 13. e4 Nd7 14.
Nd2 Qg5 15. Nc4 Ne5 16. Nxe5 Bxe5 17. Bf3 Rb8 18. Qe2 Bd7 19. a5 b5 20. axb6 Rxb6 21. O-O Rfb8 22. Rxa6 Rxb2 23. Ra8 Bxc3 24. Qxb2 Rxa8 25.
Qxc3 Bxh3 26. e5 Rf8 27. exd6 Bxg2 28. Bxg2 f3 29. Bg3 fxg2 30. Re1 Nxg3 31. Qxg3 Qxg3 32. fxg3 Rd8 33. Re6 c4 34. Kxg2 c3 35. Re3 Rxd6 36.
Rxc3 Rxd5 37. Rc7 Rf5 38. g4 Rf7 39. Rc8+ Kg7 40. Kg3 Ra7 41. g5 Ra3+ 42. Kg4 Ra4+ 43. Kg3 Ra7 44. Kg4 Rf7 45. Ra8 Rf1 46. Ra7+ Kg8 47.
Ra8+ Rf8 48. Ra7 Rd8 49. Rb7 Re8 50. Ra7 Re5 51. Ra8+ Kf7 52. Ra7+ Re7 53. Ra8 Rc7 54. Ra6 Re7 55. Rb6 Re4+ 56. Kf3 Re6 57. Rxe6 Kxe6 58. Ke4 Kd6 59. Kd4 Ke6 60. Ke4 Kf7 61. Kd5 Kg7 62. Ke5 h5 63. gxh6+ Kxh6 64. Kf4 Kh5 65. Kf3 Kh4 66. Kf2 g5 67. Kf3 Kh3 68. Kf2 g4 69. Kg1 Kg3 70. Kh1 Kf2 0-1

[Event "*** Titled Tuesday 3|2 Blitz"]
[Site "Chess.com"]
[Date "2016.01.05"]
[Round "2"]
[White "Maitreia"]
[Black "AsafGivon"]
[Result "1-0"]
[WhiteElo "2463"]
[BlackElo "2267"]
[TimeControl "180+2"]
[EndTime "11:23:17 PST"]
[Termination "Maitreia won by resignation"]

1. c4 c5 2. g3 g6 3. Bg2 Bg7 4. Nc3 Nc6 5. Nf3 e6 6. d4 cxd4 7. Nb5 d5 8. cxd5 exd5 9. Nbxd4 Nge7 10. O-O O-O 11. b3 Nf5 12. Bb2 Qb6 13. e3 Ncxd4 14. Nxd4 Nxd4 15. Bxd4 Bxd4 16. Qxd4 Qxd4 17. exd4 Be6 18.
Rac1 Rfc8 19. Rfe1 Kf8 20. h4 h5 21. Bf3 a5 22. a3 b6 23. Kg2 a4 24. b4 Rab8 25.
Be2 Bd7 26. Bd3 Re8 27. Re3 Rbc8 28. Rxe8+ Kxe8 29. Rxc8+ Bxc8 30. Kf3 Ke7 31. Kf4 Bd7 32.
Ke5 Bc6 33. f3 f6+ 34. Kf4 Kf7 35. g4 hxg4 36. fxg4 Bd7 37. Be2 Kg7 38. Bf3 Be6 39.
g5 Kf7 40. Bd1 Bd7 41. Be2 Kg7 42. Bf3 Be6 43. b5 Bd7 44. Bxd5 Bxb5 45. Be6 Bd3 46.
Bd7 b5 47. Ke3 Bc4 48. Kd2 Kf7 49. Kc3 Ke7 50. Bh3 f5 51. Kb4 Kd6 52. h5 gxh5 53.
Bxf5 h4 54. g6 Ke7 55. Kc5 Kf6 56. Be4 h3 57. d5 Bf1 58. d6 Bg2 59. d7 Ke7 60. g7 Bxe4 1-0

[Event "*** Titled Tuesday 3|2 Blitz"]
[Site "Chess.com"]
[Date "2016.01.05"]
[Round "2"]
[White "pKiLz5Rn9b"]
[Black "Tesla37"]
[Result "0-1"]
[WhiteElo "2350"]
[BlackElo "2535"]
[TimeControl "180+2"]
[EndTime "11:24:01 PST"]
[Termination "Tesla37 won by checkmate"]

1. e4 c5 2. c3 Nf6 3. e5 Nd5 4. d4 cxd4 5. cxd4 d6 6. Nf3 dxe5 7. dxe5 Nc6 8. Bc4 Nb6 9. Qxd8+ Nxd8 10. Bb5+ Bd7 11.
Nc3 e6 12. Be3 Bb4 13. Bxd7+ Nxd7 14. Rc1 a6 15. Ke2 Nc6 16. Bf4 Ke7 17. Ne4 h6 18. h4 f5 19. exf6+ gxf6 20. Rhd1 e5 21. Be3 f5 22. Ng3 Raf8 23. a3 Bd6 24. Nh5 f4 25.
Bd2 Rhg8 26. Rg1 e4 27. Ne1 Nd4+ 28. Kf1 Rf5 29. g4 fxg3 30. Be3 Nb3 31. Rc3 Nd2+ 32.
Ke2 Nf3 33. Rxg3 Bxg3 34. Nxg3 Ng1+ 35. Kd1 Rd5+ 36. Kc2 Nf6 37. Bxh6 Nh3 38. Be3 Ke6 39. Ng2 Rd7 40. Rc4 Ke5 41. Rc5+ Rd5 42. Rc7 b5 43. Ne2 Rxg2 44. Re7+ Kd6 45. Rf7 Ke6 46. Rb7 Rd6 47. h5 Nd5 48. Nd4+ Kf6 49. Bh6 Rxf2+ 50. Kb3 e3 51. Rb8 Rd7 52. Re8 Re7 53. Rf8+ Rf7 54. Re8 e2 55. Nxe2 Rf3+ 56. Ka2 Nhf4 57. Nd4 Rh3 58.
Rd8 Rxh5 59. Bf8 Ke5 60. Nc6+ Ke4 61. Re8+ Kd3 62. Bd6 Kd2 63. Re4 Nd3 64. Rd4 Ke3 65. Rg4 Rh3 66. Nd4 Rf2 67. Kb3 Rxb2# 0-1

[Event "*** Titled Tuesday 3|2 Blitz"]
[Site "Chess.com"]
[Date "2016.01.05"]
[Round "2"]
[White "levallem"]
[Black "tac49"]
[Result "0-1"]
[WhiteElo "2162"]
[BlackElo "2475"]
[TimeControl "180+2"]
[EndTime "11:24:11 PST"]
[Termination "tac49 won by checkmate"]

1. d4 Nf6 2. c4 g6 3. Nf3 Bg7 4. g3 O-O 5. Bg2 d6 6. O-O Nc6 7. Nc3 Bf5 8. b3 Qd7 9. Bb2 Bh3 10. Qd2 Bxg2 11. Kxg2 a6 12. d5 Na5 13. Nd4 c5 14. dxc6 bxc6 15. Rad1 c5 16. Nf3 Rab8 17.
Nd5 Nxd5 18. Bxg7 Kxg7 19. Qxd5 Qb7 20. e4 Nc6 21. Rfe1 f6 22. h4 Ne5 23. Nxe5 fxe5 24.
Qxb7 Rxb7 25. Re3 a5 26. Rf3 Ra8 27. a4 Rab8 28. Rdd3 h6 29. Rfe3 Rf8 30. Rf3 Rf6 31. Rxf6 Kxf6 32. f3 Ke6 33. Kf2 Kd7 34. g4 e6 35. Kg3 Kc6 36. f4 exf4+ 37. Kxf4 Rf7+ 38. Kg3 Rf1 39. Re3 Kd7 40. Rf3 Rb1 41. Kf4 Ke7 42. Kg3 Rb2 43. g5 hxg5 44. hxg5 Re2 45. Rf6 Rxe4 46. Rxg6 Re3+ 47. Kf4 Rxb3 48. Rg7+ Kf8 49. Ra7 Rb4 50. Rxa5 Rxc4+ 51. Ke3 Kf7 52. Ra6 d5 53. a5 Ra4 54. g6+ Kxg6 55. Rxe6+ Kf5 56. Rc6 Rxa5 57.
Kd3 Ke5 58. Rc8 c4+ 59. Kc3 Ra3+ 60. Kc2 Rd3 61. Rh8 Kd4 62. Rh4+ Kc5 63. Rh8 Rg3 64.
Rc8+ Kd4 65. Rh8 Rg2+ 66. Kc1 c3 67. Rh4+ Kd3 68. Rh3+ Kc4 69. Rh4+ d4 70. Rh8 Rg1+ 71. Kc2 d3# 0-1

[Event "*** Titled Tuesday 3|2 Blitz"]
[Site "Chess.com"]
[Date "2016.01.05"]
[Round "2"]
[White "AlexanderL"]
[Black "AndroQueen"]
[Result "1/2-1/2"]
[WhiteElo "2537"]
[BlackElo "2454"]
[TimeControl "180+2"]
[EndTime "11:24:17 PST"]
[Termination "Game drawn by agreement"]

1. d4 Nf6 2. Bf4 g6 3. Nc3 Bg7 4. e4 d6 5. h3 O-O 6. Nf3 Nc6 7. Be2 Nd7 8. O-O e5 9. dxe5 Ndxe5 10. Nxe5 Nxe5 11.
Qd2 Be6 12. Bg5 Qd7 13. Nd5 f6 14. Be3 c6 15. Nc3 Nc4 16. Bxc4 Bxc4 17. Rfd1 f5 18. Qxd6 Qxd6 19. Rxd6 Bxc3 20. bxc3 fxe4 21. Rd4 Bd5 22.
c4 Be6 23. Rad1 Rfe8 24. Rxe4 Bf7 25. Rxe8+ Rxe8 26. Rd7 Bxc4 27. Rxb7 Bxa2 28. Rxa7 Bf7 29. g4 h5 30. gxh5 gxh5 31. Kh2 Kg7 32. Kg3 Kg6 33.
Ra5 Bd5 34. Rc5 Re4 35. Ra5 Rc4 36. Ra1 Rxc2 37. Rg1 Rc4 38. Kh2+ Kf7 39. Rg5 h4 40. Rh5 Kg6 41. Rg5+ Kf7 42. Rg4 Be6 43. Rg1 Bd5 44. Rg5 Be6 45. Rh5 Bd5 46. Rh6 Ra4 47. Bg5 Ra1 48.
Bxh4 Rh1+ 49. Kg3 Rg1+ 50. Kf4 Rh1 51. Bg5 Rf1 52. Rf6+ Kg7 53. Ke5 Re1+ 54. Kd6 Rh1 55. h4 Rf1 56. f4 Bf7 57. Kxc6 Rc1+ 58. Kd6 Rd1+ 59. Ke5 Re1+ 60. Kf5 Bd5 61. Rd6 Be4+ 62. Ke5 Bg2+ 63. Kd4 Rd1+ 64. Ke5 Rxd6 65. Kxd6 Kg6 66. Ke5 Bh3 67. Bd8 Bc8 68. Ba5 Bg4 69. Be1 Bc8 70. Kd6 Bg4 71. Ke7 Bf5 72. Kf8 Bg4 73. Bg3 Bf5 1/2-1/2

[Event "*** Titled Tuesday 3|2 Blitz"]
[Site "Chess.com"]
[Date "2016.01.05"]
[Round "2"]
[White "saraswathii"]
[Black "BjarkeSahl"]
[Result "1/2-1/2"]
[WhiteElo "1913"]
[BlackElo "2115"]
[TimeControl "180+2"]
[EndTime "11:24:29 PST"]
[Termination "Game drawn - insufficient material"]

1. e4 e5 2. d3 Nf6 3. Nf3 Nc6 4. g3 Bc5 5. Bg2 d6 6. O-O a6 7. c3 Bg4 8. h3 Be6 9. d4 Ba7 10. d5 Nxe4 11. dxe6 O-O 12. exf7+ Rxf7 13. Qd5 Nxg3 14. Ng5 Qf6 15. Qxf7+ Qxf7 16. Nxf7 Nxf1 17. Bd5 Ng3 18. Nxd6+ Kf8 19. Nxb7 Ne7 20. Bf3 Rb8 21. Kg2 Ngf5 22. b4 Nh4+ 23. Kg3 Nef5+ 24. Kg4 h5+ 25. Kg5 Nxf3+ 26. Kxf5 Rxb7 27. Be3 Bxe3 28. fxe3 c6 29. Ke4 Rf7 30. Na3 Nd2+ 31. Kd3 Rd7+ 32. Kc2 Ne4 33. Nc4 Re7 34. Rf1+ Nf6 35. Rf5 e4 36. Ne5 Kg8 37. Nxc6 Rc7 38. Nd4 Kf7 39. Rg5 g6 40. Ra5 Ra7 41.
b5 Nd5 42. Kd2 Nb6 43. Rxa6 Rxa6 44. bxa6 Ke7 45. Nb5 Kd7 46. Kc2 Kc6 47. Nd4+ Kc5 48. Kb3 Na8 49. Ne6+ Kb6 50. Nf4 Kxa6 51. Nxg6 Kb5 52. Nf4 h4 53. c4+ Kc5 54. Ng6 Nb6 55. Ne5 Kd6 56. Ng6 Kc5 57. Nf8 Nxc4 58. Nd7+ Kd5 59.
Nf6+ Kc5 60. Nxe4+ Kd5 61. Nc3+ Kc5 62. e4 Nd2+ 63. Kc2 Nf3 64. Ne2 Ng5 65. Kd3 Nxh3 66.
e5 Kd5 67. Ke3 Kxe5 68. a4 Ng5 69. Ng1 Kd5 70. Nf3 Nxf3 71. Kxf3 Kc4 72. Kg4 Kb4 73. Kxh4 Kxa4 1/2-1/2

[Event "*** Titled Tuesday 3|2 Blitz"]
[Site "Chess.com"]
[Date "2016.01.05"]
[Round "2"]
[White "DeviatkinAndrey"]
[Black "Lupul_Cenusiu"]
[Result "0-1"]
[WhiteElo "2503"]
[BlackElo "2374"]
[TimeControl "180+2"]
[EndTime "11:25:10 PST"]
[Termination "Lupul_Cenusiu won by resignation"]

1. e4 d6 2. d4 Nf6 3. Nc3 g6 4. g3 Bg7 5. Bg2 O-O 6. Nge2 Nbd7 7. O-O c5 8. h3 a6 9. Be3 Qc7 10. Qd2 cxd4 11. Nxd4 Ne5 12. b3 Bd7 13. Nd5 Nxd5 14. exd5 Be8 15. Rae1 Rc8 16. c4 Nd7 17. f4 Nf6 18. Rc1 Bd7 19. g4 Rce8 20. f5 Bc8 21. Bh6 Qc5 22. Be3 Qc7 23. a4 Nd7 24. Kh1 Ne5 25. Rf2 Bd7 26. a5 Kh8 27. Rcf1 Kg8 28. Ne2 Qc8 29. Ng3 Bf6 30. Ne4 gxf5 31. Nxf6+ exf6 32. Rxf5 Bxf5 33. Rxf5 Kh8 34. Rxf6 Rg8 35. Bd4 Qc7 36. Qf4 Rg7 37. Be4 Kg8 38. Bc3 Qe7 39. Bf5 Qd8 40. Kh2 Kf8 41. g5 Kg8 42. Be4 Qe7 43. Qf5 Rg6 44. Qf4 Ng4+ 45. Qxg4 Qxe4 46.
Qxe4 Rxe4 47. Rf5 Re3 48. Bf6 h6 49. c5 dxc5 50. d6 Rd3 51. Rxc5 Rxf6 52. gxf6 Rxd6 53.
Rc7 Rd5 54. Rxb7 Rxa5 55. Kg3 Rg5+ 56. Kf4 a5 57. h4 Rd5 58. Ke4 Rh5 59. Kf4 Rxh4+ 60.
Ke5 Rb4 61. Ra7 Rxb3 62. Rxa5 Kh7 63. Ra2 Rb5+ 64. Kf4 Kg6 65. Ra6 Rf5+ 66. Kg4 Rxf6 67.
Ra8 h5+ 68. Kg3 Kg5 69. Rg8+ Rg6 70. Ra8 f5 71. Ra7 Rb6 72. Rg7+ Kf6 73. Ra7 Rb4 74. Ra8 h4+ 75. Kf3 h3 76. Kg3 Rb3+ 77. Kh2 Kg5 78.
Ra4 f4 79. Ra8 Kg4 80. Rg8+ Kf5 81. Rf8+ Ke4 82. Ra8 Kf3 83. Ra7 Re3 84. Rb7 Kf2 85. Rb2+ Re2 86. Rb3 Kf1+ 87. Kxh3 Re3+ 0-1

[Event "*** Titled Tuesday 3|2 Blitz"]
[Site "Chess.com"]
[Date "2016.01.05"]
[Round "3"]
[White "Aygehovit1992"]
[Black "AvitalBor"]
[Result "0-1"]
[WhiteElo "2416"]
[BlackElo "2347"]
[TimeControl "180+2"]
[EndTime "11:30:06 PST"]
[Termination "AvitalBor won by resignation"]

1. e4 e5 2. Nf3 Nc6 3. Bb5 a6 4. Ba4 Nf6 5. O-O b5 6. Bb3 Bb7 7. d3 Be7 8. Nc3 O-O 9. a3 Nd4 10. Nxd4 exd4 11. Ne2 d5 12. e5 Nd7 13. Nxd4 Nxe5 14.
Re1 Bf6 15. Bf4 Ng6 16. Bg3 Bxd4 17. c3 Bf6 18. d4 Qd7 19. Qd3 Rae8 20. Bc2 Rxe1+ 21.
Rxe1 Re8 22. Rf1 Bc8 23. h4 Qg4 24. Bxc7 Qxh4 25. Bg3 Qg4 26. a4 Bd7 27. Bd1 Qf5 28.
Qxf5 Bxf5 29. axb5 Bd3 30. Bf3 Bxf1 31. Kxf1 axb5 32.
Bxd5 Ne7 33. Be4 b4 34. cxb4 Bxd4 35. b5 Nc8 36. Bc6 Rf8 37. b4 h5 38. Ke2 Bb6 39. f4 f5 40. Bh4 g6 41. Kd3 Kh7 42. Kc4 Bd8 43. Bf2 Bc7 44. g3 Bb6 45. Be1 Rd8 46.
Bc3 Nd6+ 47. Kb3 Ne4 0-1

[Event "*** Titled Tuesday 3|2 Blitz"]
[Site "Chess.com"]
[Date "2016.01.05"]
[Round "3"]
[White "Boryboy"]
[Black "Hikaru"]
[Result "0-1"]
[WhiteElo "2510"]
[BlackElo "2904"]
[TimeControl "180+2"]
[EndTime "11:30:16 PST"]
[Termination "Hikaru won by resignation"]

1. Nf3 f5 2. d4 Nf6 3. Nc3 e6 4. Bg5 Bb4 5. e3 h6 6. Bxf6 Qxf6 7. Bd3 d5 8. Ne5 O-O 9. f4 c5 10. O-O Nc6 11. Ne2 c4 12. Nxc4 dxc4 13. Bxc4 Kh8 14.
c3 Bd6 15. b4 b6 16. Qb3 Bb7 17. Nc1 e5 18. Nd3 exd4 19. exd4 a5 20. a3 axb4 21. axb4 Nxd4 0-1

[Event "*** Titled Tuesday 3|2 Blitz"]
[Site "Chess.com"]
[Date "2016.01.05"]
[Round "3"]
[White "AsafGivon"]
[Black "Rating-Schmating"]
[Result "1-0"]
[WhiteElo "2272"]
[BlackElo "2127"]
[TimeControl "180+2"]
[EndTime "11:30:31 PST"]
[Termination "AsafGivon won by resignation"]

1. e4 e6 2. d4 d5 3. Nc3 Nf6 4. e5 Nfd7 5. f4 c5 6. Nf3 Nc6 7. Be3 cxd4 8. Nxd4 Nxd4 9. Bxd4 Bc5 10. Qd2 Bxd4 11. Qxd4 Qb6 12. Qxb6 Nxb6 13. Bd3 Bd7 14. Ne2 O-O 15. Nd4 Rac8 16. b3 Be8 17. Kd2 a6 18. h4 Nd7 19. Rae1 Nc5 20. h5 b5 21. g4 b4 22. f5 a5 23. Ref1 exf5 24. gxf5 Bd7 25. f6 Ne6 26. Nf5 Rcd8 27. fxg7 Rfe8 28.
Rhg1 1-0

[Event "*** Titled Tuesday 3|2 Blitz"]
[Site "Chess.com"]
[Date "2016.01.05"]
[Round "3"]
[White "BahadirOzen"]
[Black "jk13"]
[Result "1-0"]
[WhiteElo "2472"]
[BlackElo "2251"]
[TimeControl "180+2"]
[EndTime "11:31:03 PST"]
[Termination "BahadirOzen won by resignation"]

1. d4 e6 2. Nf3 Nf6 3. c3 d5 4.
Bf4 c5 5. e3 Nc6 6. Nbd2 Be7 7.
Bd3 O-O 8. h3 b6 9. O-O Bb7 10.
a4 Bd6 11. Bxd6 Qxd6 12. Bb5 Nd7 13. e4 cxd4 14. cxd4 dxe4 15. Nxe4 Qe7 16. Re1 Nf6 17. Nxf6+ Qxf6 18. d5 exd5 19. Qxd5 Na5 20. Qe5 Qg6 21.
Re3 Nc6 22. Qc7 Rab8 23. Rae1 Nd4 24. Qxb8 Nxf3+ 25. Kh1 Nxe1 26. Qxf8+ 1-0